Map: Terrazze Prion

Players

Space - Winner!

  • Race: Protoss Protoss
  • League: Master

Jhyrachy

  • Race: Zerg Zerg
  • League: Silver

VOD

Have the link to the VOD?

Description

Time

  • Played on: Jan. 20, 2016, 9:21 a.m.
  • Length: 7:25
Show
View Real Time Build Order
Export as new Build Order

Space Protoss - Winner!

Build Orders: Nexus First 

Get SALT Encoding   

  12  0:01  Probe (Chrono Boost)  
  13  0:11  Probe (Chrono Boost)  
  14  0:18  Pylon  
  14  0:22  Probe (Chrono Boost)  
  15  0:36  Probe (Chrono Boost)  
  16  0:46  Probe (Chrono Boost)  
  17  0:57  Nexus  
  17  1:07  Probe (Chrono Boost)  
  17  1:11  Gateway  
  18  1:14  Gateway  
  18  1:17  Probe (Chrono Boost)  
  19  1:22  Assimilator  
  19  1:27  Assimilator  
  19  1:29  Probe (Chrono Boost)  
  20  1:39  Probe (Chrono Boost)  
  21  1:51  Probe (Chrono Boost)  
  23  2:01  Probe (Chrono Boost)  
  23  2:02  Cybernetics Core  
  23  2:05  Gateway  
  23  2:10  Probe (Chrono Boost)  
  23  2:12  Probe (Chrono Boost)  
  25  2:21  Probe (Chrono Boost)  
  25  2:22  Probe (Chrono Boost)  
  27  2:31  Probe (Chrono Boost)  
  27  2:33  Probe (Chrono Boost)  
  27  2:35  Warp Gate (Chrono Boost)  
  29  2:38  Adept (Chrono Boost)  
  29  2:42  Probe  
  29  2:44  Probe  
  33  2:52  Adept (Chrono Boost)  
  33  2:54  Probe  
  33  2:56  Probe  
  37  3:06  Probe  
  37  3:07  Pylon  
  37  3:08  Stargate  
  38  3:26  Probe x2 (Chrono Boost)  
  40  3:28  Assimilator  
  40  3:29  Assimilator  
  40  3:36  Probe (Chrono Boost)  
  40  3:37  Mothership Core (Chrono Boost)  
  43  3:42  Pylon  
  43  3:47  Probe (Chrono Boost)  
  44  3:55  Probe (Chrono Boost)  
  45  3:57  Probe (Chrono Boost)  
  45  4:00  Oracle  
  49  4:03  Pylon  
  49  4:05  Probe (Chrono Boost)  
  49  4:07  Sentry x2  
  54  4:19  Gateway  
  54  4:21  Gateway  
  54  4:22  Probe x2 (Chrono Boost)  
  56  4:24  Nexus  
  56  4:26  Pylon  
  56  4:32  Probe x2 (Chrono Boost)  
  58  4:42  Sentry  
  58  4:43  Probe (Chrono Boost)  
  58  4:44  Probe (Chrono Boost)  
  62  4:47  Pylon  
  62  4:48  Pylon  
  62  4:53  Probe (Chrono Boost)  
  62  4:55  Probe (Chrono Boost)  
  62  4:58  Sentry  
  66  5:04  Probe (Chrono Boost)  
  66  5:06  Probe (Chrono Boost)  
  68  5:14  Probe (Chrono Boost)  
  68  5:20  Adept  
  71  5:26  Forge  
  71  5:28  Twilight Council, Adept  
  73  5:29  Adept x2  
  73  5:31  Probe x2 (Chrono Boost)  
  79  5:41  Probe x2 (Chrono Boost)  
  79  5:42  Probe (Chrono Boost)  
  79  5:52  Probe x3 (Chrono Boost), Adept x4  
  90  5:57  Assimilator  
  90  5:59  Assimilator  
  90  6:01  Probe (Chrono Boost)  
  90  6:02  Probe (Chrono Boost)  
  90  6:03  Probe (Chrono Boost)  
  93  6:10  Robotics Facility  
  93  6:13  Probe  
  93  6:14  Sentry x3  
  93  6:18  Pylon  
  100  6:19  Pylon  
  100  6:20  Pylon  
  100  6:29  Probe  
  101  6:35  Gateway  
  101  6:37  Gateway  
  101  6:40  Gateway  
  101  6:43  Pylon  
  101  6:47  Gateway  
  101  6:49  Zealot x4  
  101  6:51  Gateway  
  113  7:05  Templar Archives  
  113  7:11  Zealot  
  113  7:12  Zealot x3, Pylon  
  113  7:13  Pylon  
  113  7:14  Pylon  
  121  7:17  Pylon  
  121  7:18  Pylon  
Show
View Real Time Build Order
Export as new Build Order

Jhyrachy Zerg 

Build Orders: Hatch First 

Get SALT Encoding   

  12  0:02  Drone  
  13  0:09  Drone  
  14  0:17  Overlord  
  14  0:36  Drone x2  
  14  0:37  Drone  
  17  0:54  Hatchery  
  16  0:59  Drone  
  17  1:12  Spawning Pool  
  16  1:19  Drone  
  16  1:23  Drone  
  16  1:25  Overlord  
  18  1:37  Extractor  
  17  1:40  Drone  
  18  1:55  Drone, Overlord  
  19  2:03  Queen  
  19  2:06  Queen  
  23  2:13  Drone x2  
  25  2:24  Drone x2  
  25  2:27  Zergling x2  
  28  2:33  Drone  
  29  2:40  Metabolic Boost  
  29  2:53  Queen  
  29  2:58  Queen  
  33  3:23  Drone x2  
  33  3:24  Drone x4  
  33  3:25  Overlord x3  
  39  3:33  Drone x2  
  40  3:46  Queen  
  42  3:53  Drone x3  
  45  4:00  Extractor  
  44  4:20  Hatchery  
  43  4:25  Zergling x14  
  43  4:26  Zergling x4  
  52  4:32  Spine Crawler  
  51  4:44  Queen  
  53  4:45  Drone  
  53  4:46  Drone x3  
  53  4:47  Drone  
  53  4:48  Drone  
  59  4:53  Hatchery  
  48  5:31  Drone x4  
  48  5:32  Drone x2  
  48  6:05  Lair  
  48  6:11  Queen  
  50  6:20  Roach Warren  
Tags
 
Add a new tag
Caveats
  • Supply blocks, unpowered buildings, or Contaminate may cause inaccurate times.
  • Supply counts are checked every 10 seconds.